TOP OF THE 1ST |
Kansas City Royals batting - Pitching for New York Yankees : RHP Steve Shields
|
Pitching: RHP Steve Shields
|
|
Batting: RHB Rickey Henderson
|
0-0: Ball 1-0: Ball 2-0: Ball 3-0: Base on Balls
|
Batting: LHB Rick Manning
|
0-0: Called Strike Rickey Henderson steals 2nd base 0-1: Ball 1-1: Swinging Strike 1-2: Foul Ball, location: 2F 1-2: Ground out 5-3 (Groundball, 5, EV 80.6 MPH)
|
Batting: RHB Jeffrey Leonard
|
0-0: Ground out 6-3 (Groundball, 6, EV 92.5 MPH) Rickey Henderson to third
|
Batting: LHB Alvin Davis
|
0-0: Ground out 4-3 (Groundball, 34, EV 91.3 MPH)
|
Top of the 1st over - 0 runs, 0 hits, 0 errors, 1 left on base; Kansas City 0 - New York 0 |
BOTTOM OF THE 1ST |
New York Yankees batting - Pitching for Kansas City Royals : LHP Dave LaPoint
|
Pitching: LHP Dave LaPoint
|
|
Batting: SHB Tim Raines
|
0-0: Ball 1-0: Ball 2-0: Ball 3-0: Base on Balls
|
Batting: SHB Willie Wilson
|
0-0: Ball Tim Raines steals 2nd base 1-0: Ground out 6-3 (Groundball, 6, EV 84.4 MPH) Tim Raines to third
|
Batting: LHB Kent Hrbek
|
0-0: Foul Ball, location: 2F 0-1: Called Strike 0-2: Fly out, F7 (Flyball, 78S, EV 83.8 MPH) Runner from 3rd tags up, OUT at HOME! 7-2
|
Bottom of the 1st over - 0 runs, 0 hits, 0 errors, 0 left on base; Kansas City 0 - New York 0 |
TOP OF THE 2ND |
Kansas City Royals batting - Pitching for New York Yankees : RHP Steve Shields
|
Batting: RHB Gary Carter
|
0-0: SINGLE (Line Drive, 8RS, EV 103.1 MPH)
|
Batting: RHB Bob Horner
|
0-0: SINGLE (Groundball, 6D, EV 107.5 MPH) Gary Carter to second
|
Batting: LHB Gene Richards
|
0-0: Foul Ball, location: 2F 0-1: Foul Ball, location: 2F 0-2: Strikes out looking
|
Batting: RHB Adrian Monrreal
|
0-0: Called Strike 0-1: Called Strike 0-2: Strikes out swinging
|
Batting: RHB Charlie O'Brien
|
0-0: Ball 1-0: Ball 2-0: Called Strike 2-1: Called Strike 2-2: Strikes out swinging
|
Top of the 2nd over - 0 runs, 2 hits, 0 errors, 2 left on base; Kansas City 0 - New York 0 |
BOTTOM OF THE 2ND |
New York Yankees batting - Pitching for Kansas City Royals : LHP Dave LaPoint
|
Batting: LHB George Kaage
|
0-0: Ball 1-0: Foul Ball, location: 2F 1-1: Ball 2-1: Foul Ball, location: 2F 2-2: Strikes out swinging
|
Batting: RHB Pedro Guerrero
|
0-0: Called Strike 0-1: Ball 1-1: DOUBLE (Groundball, 5L, EV 98.8 MPH)
|
Batting: LHB Mario Cabrera
|
0-0: Ball 1-0: Called Strike 1-1: Ball 2-1: Called Strike 2-2: Foul Ball, location: 2F 2-2: Strikes out looking
|
Batting: RHB Rod Allen
|
0-0: Ball 1-0: Ball Wild Pitch! Pedro Guerrero to third 2-0: Ball 3-0: Called Strike 3-1: Base on Balls
|
Batting: LHB Denny Porter
|
0-0: Foul Ball, location: 2F 0-1: Ball 1-1: Foul Ball, location: 2F 1-2: Ball 2-2: Foul Ball, location: 2F 2-2: Foul Ball, location: 2F 2-2: Ground out 4-3 (Groundball, 4, EV 105.6 MPH)
|
Bottom of the 2nd over - 0 runs, 1 hit, 0 errors, 2 left on base; Kansas City 0 - New York 0 |
TOP OF THE 3RD |
Kansas City Royals batting - Pitching for New York Yankees : RHP Steve Shields
|
Batting: RHB Rickey Henderson
|
0-0: Swinging Strike 0-1: Ball 1-1: SINGLE (Line Drive, 7S, EV 108.1 MPH)
|
Batting: LHB Rick Manning
|
0-0: Ball Rickey Henderson is caught stealing 2nd base 2-6 1-0: SINGLE (Line Drive, 8LS, EV 91.3 MPH)
|
Batting: RHB Jeffrey Leonard
|
0-0: SINGLE (Groundball, 56, EV 99.4 MPH) (infield hit) Rick Manning to second
|
Batting: LHB Alvin Davis
|
0-0: Foul Ball, location: 2F 0-1: Called Strike Rick Manning steals 3rd base (no throw) Jeffrey Leonard to second 0-2: Ground out 4-3 (Groundball, 4M, EV 82.5 MPH) Rick Manning scores Jeffrey Leonard to third
|
Batting: RHB Gary Carter
|
0-0: Called Strike 0-1: Fly out, F9 (Flyball, 89S, EV 89.4 MPH)
|
Top of the 3rd over - 1 run, 3 hits, 0 errors, 1 left on base; Kansas City 1 - New York 0 |
BOTTOM OF THE 3RD |
New York Yankees batting - Pitching for Kansas City Royals : LHP Dave LaPoint
|
Batting: RHB Emanuel Cortez
|
0-0: Called Strike 0-1: SINGLE (Groundball, 56S, EV 68.1 MPH) (infield hit)
|
Batting: SHB Tim Raines
|
0-0: Ball 1-0: Ball 2-0: Called Strike 2-1: Ball 3-1: Called Strike 3-2: Fly out, F7 (Flyball, 78S, EV 75.6 MPH)
|
Batting: SHB Willie Wilson
|
0-0: Grounds into double play, 4-6-3 (Groundball, 4M, EV 104.4 MPH)
|
Bottom of the 3rd over - 0 runs, 1 hit, 0 errors, 0 left on base; Kansas City 1 - New York 0 |
TOP OF THE 4TH |
Kansas City Royals batting - Pitching for New York Yankees : RHP Steve Shields
|
Batting: RHB Bob Horner
|
0-0: Foul Ball, location: 2F 0-1: Fly out, F8 (Flyball, 8RM, EV 91.3 MPH)
|
Batting: LHB Gene Richards
|
0-0: Ball 1-0: Called Strike 1-1: Ground out 4-3 (Groundball, 4, EV 104.4 MPH)
|
Batting: RHB Adrian Monrreal
|
0-0: Called Strike 0-1: Foul Ball, location: 2F 0-2: Strikes out swinging
|
Top of the 4th over - 0 runs, 0 hits, 0 errors, 0 left on base; Kansas City 1 - New York 0 |
BOTTOM OF THE 4TH |
New York Yankees batting - Pitching for Kansas City Royals : LHP Dave LaPoint
|
Batting: LHB Kent Hrbek
|
0-0: Ball 1-0: SOLO HOME RUN (Flyball, 7LD, EV 92.5 MPH), Distance : 370 ft
|
Batting: LHB George Kaage
|
0-0: Called Strike 0-1: Ball 1-1: Called Strike 1-2: Ball 2-2: Fly out, F8 (Line Drive, 8RD, EV 92.5 MPH)
|
Batting: RHB Pedro Guerrero
|
0-0: Called Strike 0-1: Swinging Strike 0-2: Ball 1-2: Ball 2-2: Foul Ball, location: 2F 2-2: Ball 3-2: Foul Ball, location: 2F 3-2: Base on Balls
|
Batting: LHB Mario Cabrera
|
0-0: Ball 1-0: Called Strike 1-1: Foul Ball, location: 2F 1-2: Ball 2-2: Foul Ball, location: 2F 2-2: Ball 3-2: Base on Balls Pedro Guerrero to second
|
Batting: RHB Rod Allen
|
0-0: Called Strike 0-1: Fielders Choice at 2nd, 1-4 (Groundball, 15S, EV 65.6 MPH) Pedro Guerrero to third
|
Batting: LHB Denny Porter
|
0-0: Ball 1-0: Ball 2-0: Foul Ball, location: 2F 2-1: Ball 3-1: Foul Ball, location: 2F 3-2: Strikes out looking
|
Bottom of the 4th over - 1 run, 1 hit, 0 errors, 2 left on base; Kansas City 1 - New York 1 |
TOP OF THE 5TH |
Kansas City Royals batting - Pitching for New York Yankees : RHP Steve Shields
|
Batting: RHB Charlie O'Brien
|
0-0: Fly out, F4 (Popup, 13, EV 78.1 MPH)
|
Batting: RHB Rickey Henderson
|
0-0: Ball 1-0: Ball 2-0: Called Strike 2-1: Ball 3-1: Base on Balls
|
Batting: LHB Rick Manning
|
0-0: Ball 1-0: Ball 2-0: SINGLE (Groundball, 34S, EV 67.5 MPH) (infield hit) Rickey Henderson to second
|
Batting: RHB Jeffrey Leonard
|
0-0: Called Strike Rickey Henderson is caught stealing 3rd base 2-5 Rick Manning to second 0-1: Ball 1-1: Foul Ball, location: 2F 1-2: Foul Ball, location: 2F 1-2: Strikes out looking
|
Top of the 5th over - 0 runs, 1 hit, 0 errors, 1 left on base; Kansas City 1 - New York 1 |
BOTTOM OF THE 5TH |
New York Yankees batting - Pitching for Kansas City Royals : LHP Dave LaPoint
|
Batting: RHB Emanuel Cortez
|
0-0: Hit by Pitch
|
Batting: SHB Tim Raines
|
0-0: Ball 1-0: Ball 2-0: Called Strike 2-1: Ball 3-1: Sac Bunt to 3S - play at first, batter OUT! 3-4 Emanuel Cortez to second
|
Batting: SHB Willie Wilson
|
0-0: Ball 1-0: Ground out 4-3 (Groundball, 4, EV 83.1 MPH) Emanuel Cortez to third
|
Batting: LHB Kent Hrbek
|
0-0: Ball 1-0: Swinging Strike 1-1: Ball 2-1: Ball Wild Pitch! Emanuel Cortez scores 3-1: Base on Balls
|
Batting: LHB George Kaage
|
0-0: Called Strike 0-1: Ball 1-1: Foul Ball, location: 2F 1-2: Ball 2-2: Ground out 4-3 (Groundball, 34, EV 78.8 MPH)
|
Bottom of the 5th over - 1 run, 0 hits, 0 errors, 1 left on base; Kansas City 1 - New York 2 |
TOP OF THE 6TH |
Kansas City Royals batting - Pitching for New York Yankees : RHP Steve Shields
|
Batting: LHB Alvin Davis
|
0-0: Called Strike 0-1: Fly out, F8 (Flyball, 8LM, EV 82.5 MPH)
|
Batting: RHB Gary Carter
|
0-0: Called Strike 0-1: Reached on error, E5 (Groundball, 5D, EV 86.3 MPH)
|
Batting: RHB Bob Horner
|
0-0: Ball 1-0: Ball Passed Ball! Gary Carter to second 2-0: Called Strike 2-1: Ball 3-1: Fly out, F9 (Flyball, 89S, EV 85.6 MPH)
|
Batting: LHB Gene Richards
|
0-0: Foul Ball, location: 2F 0-1: Swinging Strike 0-2: Strikes out swinging
|
Top of the 6th over - 0 runs, 0 hits, 1 error, 1 left on base; Kansas City 1 - New York 2 |
BOTTOM OF THE 6TH |
New York Yankees batting - Pitching for Kansas City Royals : LHP Dave LaPoint
|
Batting: RHB Pedro Guerrero
|
0-0: Foul Ball, location: 2F 0-1: Ball 1-1: Ball 2-1: Called Strike 2-2: Fly out, F8 (Flyball, 89XD, EV 98.1 MPH)
|
Batting: LHB Mario Cabrera
|
0-0: Called Strike 0-1: Ball 1-1: Ball 2-1: Fly out, F9 (Flyball, 9D, EV 92.5 MPH)
|
Batting: RHB Rod Allen
|
0-0: Fly out, F3 (Popup, 3, EV 66.3 MPH)
|
Bottom of the 6th over - 0 runs, 0 hits, 0 errors, 0 left on base; Kansas City 1 - New York 2 |
TOP OF THE 7TH |
Kansas City Royals batting - Pitching for New York Yankees : RHP Steve Shields
|
Batting: RHB Adrian Monrreal
|
0-0: Foul Ball, location: 2F 0-1: Foul Ball, location: 2F 0-2: Ball 1-2: Ball 2-2: Strikes out swinging
|
Batting: RHB Charlie O'Brien
|
0-0: Ball 1-0: Ball 2-0: Foul Ball, location: 2F 2-1: Foul Ball, location: 2F 2-2: DOUBLE (Line Drive, 78D, EV 111.9 MPH)
|
Batting: RHB Rickey Henderson
|
0-0: Ball 1-0: Foul Ball, location: 2F 1-1: Called Strike 1-2: Ball 2-2: Fly out, F8 (Line Drive, 8LD, EV 86.9 MPH)
|
Batting: LHB Rick Manning
|
0-0: Foul Ball, location: 2F 0-1: Foul Ball, location: 2F 0-2: Ball 1-2: Ball 2-2: Ball 3-2: Foul Ball, location: 2F 3-2: Base on Balls
|
Batting: RHB Jeffrey Leonard
|
0-0: Called Strike 0-1: Ball 1-1: Ball 2-1: Called Strike 2-2: Fly out, F8 (Flyball, 8LD, EV 103.1 MPH)
|
Top of the 7th over - 0 runs, 1 hit, 0 errors, 2 left on base; Kansas City 1 - New York 2 |
BOTTOM OF THE 7TH |
New York Yankees batting - Pitching for Kansas City Royals : LHP Dave LaPoint
|
Batting: LHB Denny Porter
|
0-0: Foul Ball, location: 2F 0-1: SINGLE (Flyball, 3D, EV 95.6 MPH)
|
Batting: RHB Emanuel Cortez
|
0-0: Sac Bunt to 5S - play at first, batter OUT! 5-4 Denny Porter to second
|
Batting: SHB Tim Raines
|
0-0: Swinging Strike 0-1: Ball 1-1: Ball 2-1: Ground out U3 (Groundball, 3L, EV 105.6 MPH) Denny Porter to third
|
Batting: SHB Willie Wilson
|
0-0: Ball 1-0: Called Strike 1-1: Ball 2-1: Foul Ball, location: 2F 2-2: SINGLE (Line Drive, 34, EV 95.0 MPH) Denny Porter scores
|
Pitching: RHP Dave Tobik
|
|
Batting: LHB Kent Hrbek
|
0-0: Foul Ball, location: 2F 0-1: Ball Willie Wilson steals 2nd base 1-1: Fly out, F8 (Flyball, 8RXD, EV 101.3 MPH)
|
Bottom of the 7th over - 1 run, 2 hits, 0 errors, 1 left on base; Kansas City 1 - New York 3 |
TOP OF THE 8TH |
Kansas City Royals batting - Pitching for New York Yankees : RHP Steve Shields
|
Now at C: Ron Hassey
|
|
Now in CF: Larry Hyman
|
|
Batting: LHB Alvin Davis
|
0-0: SINGLE (Flyball, 3D, EV 94.4 MPH)
|
Batting: RHB Gary Carter
|
0-0: Ball 1-0: Ball 2-0: Foul Ball, location: 2F 2-1: Called Strike 2-2: Foul Ball, location: 2F 2-2: Ball 3-2: Foul Ball, location: 2F 3-2: Strikes out swinging Alvin Davis steals 2nd base Batter strikes out.
|
Batting: RHB Bob Horner
|
0-0: Ball 1-0: Ball 2-0: Ball 3-0: Called Strike 3-1: Called Strike 3-2: Foul Ball, location: 2F 3-2: Strikes out swinging
|
Batting: LHB Gene Richards
|
0-0: Fly out, F4 (Line Drive, 4, EV 68.8 MPH)
|
Top of the 8th over - 0 runs, 1 hit, 0 errors, 1 left on base; Kansas City 1 - New York 3 |
BOTTOM OF THE 8TH |
New York Yankees batting - Pitching for Kansas City Royals : RHP Dave Tobik
|
Batting: LHB George Kaage
|
0-0: Swinging Strike 0-1: Swinging Strike 0-2: Ball 1-2: Ball 2-2: Ball 3-2: Fly out, F8 (Flyball, 8LM, EV 91.3 MPH)
|
Batting: LHB Ron Hassey
|
0-0: Swinging Strike 0-1: Foul Ball, location: 2F 0-2: Ball 1-2: Ball 2-2: Ball 3-2: Fly out, F7 (Flyball, 78D, EV 98.8 MPH)
|
Batting: LHB Mario Cabrera
|
0-0: Called Strike 0-1: Ball 1-1: Fly out, F7 (Flyball, 78M, EV 92.5 MPH)
|
Bottom of the 8th over - 0 runs, 0 hits, 0 errors, 0 left on base; Kansas City 1 - New York 3 |
TOP OF THE 9TH |
Kansas City Royals batting - Pitching for New York Yankees : RHP Steve Shields
|
Batting: RHB Adrian Monrreal
|
0-0: Called Strike 0-1: Fly out, F9 (Line Drive, 9, EV 87.5 MPH)
|
Batting: RHB Charlie O'Brien
|
0-0: Called Strike 0-1: Swinging Strike 0-2: Strikes out looking
|
Batting: RHB Rickey Henderson
|
0-0: SINGLE (Flyball, 9LS, EV 88.8 MPH)
|
Batting: LHB Rick Manning
|
0-0: Ball 1-0: Foul Ball, location: 2F 1-1: Fly out, F8 (Flyball, 8LXD, EV 103.8 MPH)
|
Top of the 9th over - 0 runs, 1 hit, 0 errors, 1 left on base; Kansas City 1 - New York 3 |
|